 Dungeon Crawl Stone Soup version 0.28.0-53-g5a82cb258f (webtiles) character file.

Game seed: 6510992664098219915

11 Sin92 the Magician (level 2, -1/20 HPs)
             Began as a Demonspawn Hedge Wizard on July 18, 2022.
             Slain by a goblin
             ... wielding a +0 club
              (2 damage)
             ... on level 1 of the Dungeon.
             The game lasted 00:02:02 (440 turns).

Sin92 the Magician (Demonspawn Hedge Wizard)         Turns: 440, Time: 00:02:03

Health: -1/20      AC:  2    Str: 10    XL:     2   Next: 17%
Magic:  3/6        EV: 12    Int: 15    God:
Gold:   8          SH:  0    Dex: 12    Spells: 6/7 levels left

rFire   . . .      SeeInvis .   a - +0 dagger
rCold   . . .      Faith    .   (no shield)
rNeg    . . .      Spirit   .   b - +0 robe
rPois   .          Reflect  .   c - +0 hat
rElec   .          Harm     .   (no cloak)
rCorr   .          Rampage  .   (no gloves)
Will    .....                   (no boots)
Stlth   ++........              (no amulet)
HPRegen 0.06/turn               (no ring)
MPRegen 0.10/turn               (no ring)

@: no status effects
A: powered by death 1
a: no special abilities


You were on level 1 of the Dungeon.
You visited 1 branch of the dungeon, and saw 1 of its levels.

You collected 8 gold pieces.

Inventory:

Hand Weapons
 a - a +0 dagger (weapon)
Armour
 b - a +0 robe (worn)
 c - a +0 hat (worn)
 d - a +2 tower shield of poison resistance


   Skills:
 + Level 0.5 Fighting
 + Level 0.3 Short Blades
 + Level 0.0 Armour
 + Level 1.8 Dodging
 + Level 1.9 Stealth
 + Level 0.0 Shields
 + Level 3.0 Spellcasting
 + Level 1.3 Conjurations
 - Level 1.0 Summonings
 + Level 1.0 Translocations


You had 6 spell levels left.
You knew the following spells:

 Your Spells              Type           Power      Damage    Failure   Level
a - Magic Dart            Conj           24%        1d4       12%         1

Your spell library contained the following spells:

 Spells                   Type           Power      Damage    Failure   Level
 Blink                    Tloc           10%        N/A       19%         2
 Slow                     Hex            8%         N/A       21%         1
 Call Imp                 Summ           5%         N/A       21%         2
 Conjure Flame            Conj/Fire      4%         6-21      41%         3
 Stone Arrow              Conj/Erth      8%         3d7       41%         3
 Mephitic Cloud           Conj/Pois/Air  3%         N/A       45%         3
 Animate Armour           Summ/Erth      6%         N/A       85%         4
 Lehudib's Crystal Spear  Conj/Erth      2%         10d2      100%        8


Dungeon Overview and Level Annotations

Branches:
Dungeon (1/15)

Altars:

Shops:
D:1 (


Innate Abilities, Weirdness & Mutations

You regenerate a little health from kills.


Message History

The jackal is heavily wounded.
The jackal closely misses you.
You closely miss the jackal.
The jackal is heavily wounded.
The jackal bites you.
* * * LOW HITPOINT WARNING * * *
You hit the jackal.
The jackal is severely wounded.
The jackal closely misses you.
The jackal bites you but does no damage.
You hit the jackal.
You kill the jackal!
You hit the goblin.
The goblin is almost dead.
The goblin hits you with a +0 club.
* * * LOW HITPOINT WARNING * * *
You closely miss the goblin.
The goblin is almost dead.
You barely miss the goblin.
The goblin is almost dead.
The goblin misses you.
You aren't carrying any potions.
You barely miss the goblin.
The goblin is severely wounded.
The goblin barely misses you.
You aren't carrying any pieces of jewellery.
You aren't carrying any scrolls.
You hit the goblin but do no damage.
The goblin is severely wounded.
The goblin hits you with a +0 club.
* * * LOW HITPOINT WARNING * * *
There is an entrance to Etoit's Weapon Shop here.
There is an open door here.
Aiming: Magic Dart (safe; 12% risk of failure)
Press: ? - help, Q - select action Shift-Dir - straight line, f - goblin
Aim: a goblin, wielding a +0 club (severely wounded, 100% to hit)
The magic dart hits the goblin.
The goblin is almost dead.
The goblin hits you with a +0 club.
You die...

..##..... #........
......#†# +........
......#.# #........
..#.###.###
##....... +..h..+
##.....# ###.###
###...## #h#.##
#.......
##g#..######.......
#.@..)........#.###
#.....######..#.###
##...## #.....##
##### #.......
#.#...## #.......
#.###### #.......
########


You could see 2 jackals and a goblin.

Vanquished Creatures
  2 ball pythons (D:1)
  An endoplasm (D:1)
  2 giant cockroaches (D:1)
  A goblin (D:1)
  2 jackals (D:1)
  A frilled lizard (D:1)
9 creatures vanquished.

Vanquished Creatures (others)
  A fungus (D:1)
1 creature vanquished.

Grand Total: 10 creatures vanquished

Notes
Turn   | Place    | Note
-------+----------+-------------------------------------------
     0 | D:1      | Sin92 the Demonspawn Hedge Wizard began the quest for the
                  | Orb.
     0 | D:1      | Reached XP level 1. HP: 13/13 MP: 4/4
    97 | D:1      | Reached skill level 1 in Translocations
   377 | D:1      | Found Etoit's Weapon Shop.
   381 | D:1      | Gained mutation: You regenerate a little health from kills.
                  | [demonic ancestry]
   381 | D:1      | Reached XP level 2. HP: 19/20 MP: 3/6
   433 | D:1      | HP: 1/20 [goblin/+0 club (2)]
   440 | D:1      | Slain by a goblin

Illustrated notes

Levels and vault maps discovered:
D:1:      minmay_arrival_shoal_huts, layout_loops_corners,
          shapermc_ecumenical_altar_acropolis, serial_shops,
          nicolae_shop_hallway_plus, nicolae_shop_hallway_plus,
          nicolae_shop_bloodbath_and_beyond, kennysheep_crisscross

Skill      XL: |  1 |
---------------+----+-----
Translocations | 1 |  1.0
Fighting       | |  0.5
Short Blades   | |  0.3
Dodging        | |  1.8
Stealth        | |  1.9
Spellcasting   | |  3.0
Conjurations   | |  1.3
Summonings     | |  1.0

Action                   || total
-------------------------++-------
Melee: Dagger            ||    29
 Cast: Magic Dart        ||    19
 Stab: Sleeping          ||     1
Armor: Robe              ||    11
Dodge: Dodged            ||    20
